TOP OF THE 1ST |
Butler White Sox batting - Pitching for Springfield Simpsons : RHP Rod Day
|
Pitching: RHP Rod Day
|
|
Batting: RHB Luis Ramos
|
0-0: Ball 1-0: Called Strike 1-1: Swinging Strike 1-2: Ball 2-2: Strikes out looking
|
Batting: LHB Dave Cook
|
0-0: Ball 1-0: Ball 2-0: Called Strike 2-1: Ball 3-1: Called Strike 3-2: Base on Balls
|
Batting: LHB Jesús González
|
0-0: Ball 1-0: Ball 2-0: Foul Ball, location: 2F 2-1: Called Strike 2-2: Strikes out swinging
|
Batting: SHB Ben Marks
|
0-0: Ball 1-0: Foul Ball, location: 2F 1-1: Ball 2-1: Called Strike 2-2: Strikes out swinging
|
Top of the 1st over - 0 run(s), 0 hit(s), 0 error(s), 1 left on base; Butler 0 - Springfield 0 |
BOTTOM OF THE 1ST |
Springfield Simpsons batting - Pitching for Butler White Sox : RHP Cliff Erwin
|
Pitching: RHP Cliff Erwin
|
|
Batting: RHB Nick Harris
|
0-0: Swinging Strike 0-1: Ball 1-1: Ball 2-1: Swinging Strike 2-2: Strikes out swinging
|
Batting: RHB Ken McDonald
|
0-0: Called Strike 0-1: Foul Ball, location: 2F 0-2: Ball 1-2: Ball 2-2: Ball 3-2: Reached on error, E5 (Groundball, 5)
|
Batting: LHB Tony O'Bryan
|
0-0: Ball 1-0: Hit by Pitch Ken McDonald to second
|
Batting: SHB Kevin Vickers
|
0-0: Ball 1-0: Ball 2-0: Ball 3-0: Base on Balls Ken McDonald to third Tony O'Bryan to second
|
Batting: RHB Gavin Downey
|
0-0: Ball 1-0: Ball 2-0: Fly out, F4 (Popup, 4MD)
|
Batting: RHB Manny Ramírez
|
0-0: Called Strike 0-1: Ball 1-1: Ground out 5-3 (Groundball, 5S)
|
Bottom of the 1st over - 0 run(s), 0 hit(s), 1 error(s), 3 left on base; Butler 0 - Springfield 0 |
TOP OF THE 2ND |
Butler White Sox batting - Pitching for Springfield Simpsons : RHP Rod Day
|
Batting: RHB Rodney González
|
0-0: Ball 1-0: SINGLE (Groundball, 4MD)
|
Batting: LHB Mike Pearson
|
0-0: Ball Rodney González steals 2nd base 1-0: Called Strike 1-1: Foul Ball, location: 2F 1-2: Ball 2-2: Foul Ball, location: 2F 2-2: Ball 3-2: 2-RUN HOME RUN (Flyball, 89XD), Distance : 390 ft
|
Batting: LHB Ron Crawford
|
0-0: Ball 1-0: Foul Ball, location: 2F 1-1: Called Strike 1-2: Strikes out swinging
|
Batting: RHB Evan Robinson
|
0-0: Ball 1-0: SINGLE (Groundball, 6M)
|
Batting: RHB Raúl Bruno
|
0-0: Fly out, F8 (Flyball, 8LS)
|
Batting: RHB Luis Ramos
|
0-0: Ball 1-0: Ground out 4-3 (Groundball, 4)
|
Top of the 2nd over - 2 run(s), 3 hit(s), 0 error(s), 1 left on base; Butler 2 - Springfield 0 |
BOTTOM OF THE 2ND |
Springfield Simpsons batting - Pitching for Butler White Sox : RHP Cliff Erwin
|
Batting: SHB Jorge García
|
Single, Error in OF, E7, batter to second base
|
Batting: SHB José Cruz
|
0-0: Ball 1-0: Fly out, F6 (Popup, 56D)
|
Batting: RHB Jeff Lloyd
|
0-0: Ground out 6-3 (Groundball, 6)
|
Batting: RHB Nick Harris
|
0-0: Ball 1-0: Ball 2-0: Called Strike 2-1: Ball 3-1: Called Strike 3-2: Foul Ball, location: 2F 3-2: Foul Ball, location: 2F 3-2: Base on Balls
|
Batting: RHB Ken McDonald
|
0-0: Ball 1-0: Foul Ball, location: 2F 1-1: 3-RUN HOME RUN (Flyball, 7LD), Distance : 370 ft
|
Batting: LHB Tony O'Bryan
|
0-0: Ball 1-0: Called Strike 1-1: Foul Ball, location: 2F 1-2: Ball 2-2: Ball 3-2: Ground out 4-3 (Groundball, 4)
|
Bottom of the 2nd over - 3 run(s), 2 hit(s), 1 error(s), 0 left on base; Butler 2 - Springfield 3 |
TOP OF THE 3RD |
Butler White Sox batting - Pitching for Springfield Simpsons : RHP Rod Day
|
Batting: LHB Dave Cook
|
0-0: Ball 1-0: Called Strike 1-1: Ball 2-1: Foul Ball, location: 2F 2-2: Foul Ball, location: 2F 2-2: Ball 3-2: Reached on error, E5 (Groundball, 56S)
|
Batting: LHB Jesús González
|
0-0: Called Strike 0-1: DOUBLE (Line Drive, 5L) Dave Cook to third
|
Batting: SHB Ben Marks
|
0-0: Ground out 5-3 (Groundball, 56) Dave Cook scores
|
Batting: RHB Rodney González
|
0-0: SINGLE (Line Drive, 8LS) Jesús González to third
|
Batting: LHB Mike Pearson
|
0-0: Ball 1-0: Swinging Strike 1-1: Grounds into double play, 5-4-3 (Groundball, 5)
|
Top of the 3rd over - 1 run(s), 2 hit(s), 1 error(s), 1 left on base; Butler 3 - Springfield 3 |
BOTTOM OF THE 3RD |
Springfield Simpsons batting - Pitching for Butler White Sox : RHP Cliff Erwin
|
Batting: SHB Kevin Vickers
|
0-0: Foul Ball, location: 2F 0-1: Ball 1-1: Foul Ball, location: 2F 1-2: Fly out, F9 (Popup, 4D)
|
Batting: RHB Gavin Downey
|
0-0: Ball 1-0: Swinging Strike 1-1: Ball 2-1: Foul Ball, location: 2F 2-2: Ball 3-2: Foul Ball, location: 2F 3-2: Foul Ball, location: 2F 3-2: Fly out, F3 (Line Drive, 3)
|
Batting: RHB Manny Ramírez
|
0-0: Ground out 5-3 (Groundball, 5S)
|
Bottom of the 3rd over - 0 run(s), 0 hit(s), 0 error(s), 0 left on base; Butler 3 - Springfield 3 |
TOP OF THE 4TH |
Butler White Sox batting - Pitching for Springfield Simpsons : RHP Rod Day
|
Batting: LHB Ron Crawford
|
0-0: Ball 1-0: Called Strike 1-1: Foul Ball, location: 2F 1-2: Foul Ball, location: 2F 1-2: Fly out, F8 (Flyball, 8RS)
|
Batting: RHB Evan Robinson
|
0-0: Ball 1-0: Swinging Strike 1-1: Foul Ball, location: 2F 1-2: Strikes out looking
|
Batting: RHB Raúl Bruno
|
0-0: Foul Ball, location: 2F 0-1: Called Strike 0-2: SINGLE (Line Drive, 9S)
|
Batting: RHB Luis Ramos
|
0-0: Ball 1-0: Ball 2-0: Called Strike 2-1: Swinging Strike 2-2: Foul Ball, location: 2F 2-2: Ball 3-2: Foul Ball, location: 2F 3-2: Foul Ball, location: 2F 3-2: Foul Ball, location: 2F 3-2: Strikes out swinging
|
Top of the 4th over - 0 run(s), 1 hit(s), 0 error(s), 1 left on base; Butler 3 - Springfield 3 |
BOTTOM OF THE 4TH |
Springfield Simpsons batting - Pitching for Butler White Sox : RHP Cliff Erwin
|
Batting: SHB Jorge García
|
0-0: Called Strike 0-1: Called Strike 0-2: SINGLE (Groundball, 6MD)
|
Batting: SHB José Cruz
|
0-0: Foul Ball, location: 2F 0-1: Foul Ball, location: 2F 0-2: Fly out, F7 (Flyball, 7LM)
|
Batting: RHB Jeff Lloyd
|
0-0: Called Strike 0-1: Fly out, F4 (Popup, 6MD)
|
Batting: RHB Nick Harris
|
0-0: Ball 1-0: Ball 2-0: Ball 3-0: Base on Balls Jorge García to second
|
Batting: RHB Ken McDonald
|
0-0: Called Strike 0-1: Ball 1-1: Ball 2-1: Ball 3-1: Fly out, F4 (Popup, 4)
|
Bottom of the 4th over - 0 run(s), 1 hit(s), 0 error(s), 2 left on base; Butler 3 - Springfield 3 |
TOP OF THE 5TH |
Butler White Sox batting - Pitching for Springfield Simpsons : RHP Rod Day
|
Batting: LHB Dave Cook
|
0-0: Swinging Strike 0-1: Ball 1-1: Swinging Strike 1-2: Ball 2-2: Strikes out swinging
|
Batting: LHB Jesús González
|
0-0: Ground out U3 (Groundball, 3L)
|
Batting: SHB Ben Marks
|
0-0: Foul Ball, location: 2F 0-1: Swinging Strike 0-2: Ball 1-2: Strikes out swinging
|
Top of the 5th over - 0 run(s), 0 hit(s), 0 error(s), 0 left on base; Butler 3 - Springfield 3 |
BOTTOM OF THE 5TH |
Springfield Simpsons batting - Pitching for Butler White Sox : RHP Cliff Erwin
|
Batting: LHB Tony O'Bryan
|
0-0: Hit by Pitch
|
Batting: SHB Kevin Vickers
|
0-0: Ball 1-0: Foul Ball, location: 2F 1-1: Ball 2-1: Foul Ball, location: 2F 2-2: Ball 3-2: Base on Balls Tony O'Bryan to second
|
Pitching: RHP Ricardo Marino
|
|
Batting: RHB Gavin Downey
|
0-0: Ball 1-0: Fly out, F8 (Popup, 4MD)
|
Batting: RHB Manny Ramírez
|
0-0: Ball 1-0: Ball 2-0: SINGLE (Line Drive, 6D) Tony O'Bryan to third Kevin Vickers to second Runner from 3rd tries for Home, SAFE, throw made home Kevin Vickers to third Manny Ramírez to second
|
Batting: SHB Jorge García
|
0-0: Ball 1-0: Called Strike 1-1: Ball 2-1: Swinging Strike 2-2: Ball 3-2: Ground out 4-3 (Groundball, 13) Kevin Vickers scores Manny Ramírez to third
|
Batting: SHB José Cruz
|
0-0: Ball 1-0: Ground out 4-3 (Groundball, 4M)
|
Bottom of the 5th over - 2 run(s), 1 hit(s), 0 error(s), 1 left on base; Butler 3 - Springfield 5 |
TOP OF THE 6TH |
Butler White Sox batting - Pitching for Springfield Simpsons : RHP Rod Day
|
Pitching: LHP Rubén Rico
|
|
Batting: RHB Rodney González
|
0-0: Ball 1-0: Called Strike 1-1: Swinging Strike 1-2: Foul Ball, location: 2F 1-2: Foul Ball, location: 2F 1-2: Ball 2-2: Strikes out looking
|
Batting: LHB Mike Pearson
|
0-0: Swinging Strike 0-1: Called Strike 0-2: Foul Ball, location: 2F 0-2: Foul Ball, location: 2F 0-2: Strikes out swinging
|
Batting: LHB Ron Crawford
|
0-0: Called Strike 0-1: SINGLE (Groundball, 5S) (infield hit)
|
Batting: RHB Evan Robinson
|
0-0: Ball 1-0: Ball 2-0: SINGLE (Line Drive, 6MD) Ron Crawford to second Runner from 2nd tries for 3rd, SAFE, throw made to third
|
Batting: RHB Raúl Bruno
|
0-0: Ball 1-0: Ball 2-0: SINGLE (Flyball, 8RS) Ron Crawford scores Evan Robinson to second Runner from 2nd tries for 3rd, OUT!
|
Top of the 6th over - 1 run(s), 3 hit(s), 0 error(s), 1 left on base; Butler 4 - Springfield 5 |
BOTTOM OF THE 6TH |
Springfield Simpsons batting - Pitching for Butler White Sox : RHP Ricardo Marino
|
Batting: RHB Jeff Lloyd
|
0-0: Ball 1-0: Foul Ball, location: 2F 1-1: Ball 2-1: Ball 3-1: Ground out 4-3 (Groundball, 4)
|
Batting: RHB Nick Harris
|
0-0: Called Strike 0-1: Called Strike 0-2: SINGLE (Groundball, 6MD)
|
Batting: RHB Ken McDonald
|
0-0: Ball Nick Harris steals 2nd base 1-0: Ball 2-0: Ground out 4-3 (Groundball, 4) Nick Harris to third
|
Batting: LHB Tony O'Bryan
|
0-0: Foul Ball, location: 2F 0-1: Ball 1-1: Fly out, F8 (Flyball, 8LXD)
|
Bottom of the 6th over - 0 run(s), 1 hit(s), 0 error(s), 1 left on base; Butler 4 - Springfield 5 |
TOP OF THE 7TH |
Butler White Sox batting - Pitching for Springfield Simpsons : LHP Rubén Rico
|
Batting: RHB Luis Ramos
|
0-0: SINGLE (Groundball, 56D)
|
Batting: LHB Dave Cook
|
0-0: Ball 1-0: Ground out 4-3 (Groundball, 13) Luis Ramos to second
|
Pinch Hitting: RHB Tom Lang
|
0-0: Called Strike 0-1: Fly out, F7 (Line Drive, 7D) Runner from 2nd tags up, SAFE at 3rd, no throw
|
Batting: SHB Ben Marks
|
0-0: Called Strike 0-1: Ball 1-1: Ground out 6-3 (Groundball, 6)
|
Top of the 7th over - 0 run(s), 1 hit(s), 0 error(s), 1 left on base; Butler 4 - Springfield 5 |
BOTTOM OF THE 7TH |
Springfield Simpsons batting - Pitching for Butler White Sox : RHP Ricardo Marino
|
Now in LF: Ernesto López
|
|
Batting: SHB Kevin Vickers
|
0-0: Called Strike 0-1: SINGLE (Groundball, 34D)
|
Batting: RHB Gavin Downey
|
0-0: DOUBLE (Flyball, 9LM) Kevin Vickers to third
|
Batting: RHB Manny Ramírez
|
0-0: Intentional Walk
|
Pinch Hitting: RHB Danny Crouch
|
0-0: Called Strike 0-1: Ball 1-1: Swinging Strike 1-2: Strikes out looking
|
Batting: SHB José Cruz
|
0-0: Foul Ball, location: 2F 0-1: Ball 1-1: Swinging Strike 1-2: Ball 2-2: Ball 3-2: Fly out, F3 (Popup, 23F)
|
Batting: RHB Jeff Lloyd
|
0-0: Ball 1-0: GRAND SLAM HOME RUN (Flyball, 7D), Distance : 359 ft
|
Pitching: LHP Phil Forbes
|
|
Batting: RHB Nick Harris
|
0-0: Called Strike 0-1: Ball 1-1: Called Strike 1-2: Ground out 6-3 (Groundball, 6)
|
Bottom of the 7th over - 4 run(s), 3 hit(s), 0 error(s), 0 left on base; Butler 4 - Springfield 9 |
TOP OF THE 8TH |
Butler White Sox batting - Pitching for Springfield Simpsons : LHP Rubén Rico
|
Pitching: LHP Alberto Martínez
|
|
Now at C: Kawanari Hara
|
|
Now at SS: Danny Crouch
|
|
Batting: RHB Rodney González
|
0-0: Ball 1-0: Ball 2-0: Ground out 6-3 (Groundball, 6)
|
Batting: LHB Mike Pearson
|
0-0: Foul Ball, location: 2F 0-1: Called Strike 0-2: Ball 1-2: Strikes out swinging
|
Batting: LHB Ron Crawford
|
0-0: Called Strike 0-1: Called Strike 0-2: Ball 1-2: Ball 2-2: Foul Ball, location: 2F 2-2: Foul Ball, location: 2F 2-2: Ball 3-2: Strikes out swinging
|
Top of the 8th over - 0 run(s), 0 hit(s), 0 error(s), 0 left on base; Butler 4 - Springfield 9 |
BOTTOM OF THE 8TH |
Springfield Simpsons batting - Pitching for Butler White Sox : LHP Phil Forbes
|
Batting: RHB Ken McDonald
|
0-0: Fly out, F9 (Flyball, 9LM)
|
Batting: LHB Tony O'Bryan
|
0-0: Ball 1-0: Foul Ball, location: 2F 1-1: Swinging Strike 1-2: Ball 2-2: Ball 3-2: Foul Ball, location: 2F 3-2: Foul Ball, location: 2F 3-2: Base on Balls
|
Pitching: LHP Dexter Browning
|
|
Batting: SHB Kevin Vickers
|
0-0: Grounds into double play, 6-4-3 (Groundball, 6M)
|
Bottom of the 8th over - 0 run(s), 0 hit(s), 0 error(s), 0 left on base; Butler 4 - Springfield 9 |
TOP OF THE 9TH |
Butler White Sox batting - Pitching for Springfield Simpsons : LHP Alberto Martínez
|
Batting: RHB Evan Robinson
|
0-0: Called Strike 0-1: Called Strike 0-2: Strikes out looking
|
Batting: RHB Raúl Bruno
|
0-0: Ball 1-0: Ball 2-0: Fly out, F9 (Flyball, 9M)
|
Batting: RHB Luis Ramos
|
0-0: Ball 1-0: Ball 2-0: Called Strike 2-1: Swinging Strike 2-2: Fly out, F3 (Popup, 3SF)
|
Top of the 9th over - 0 run(s), 0 hit(s), 0 error(s), 0 left on base; Butler 4 - Springfield 9 |
|